 Dungeon Crawl Stone Soup version 0.29.1-12-g30fa7ad0bf (webtiles) character file.

Game seed: 7924601494164366270

1608 cheesebisquit the Geomancer (level 8, 0/41 HPs)
             Began as a Gargoyle Earth Elementalist on Jan 16, 2023.
             Slain by a wight
             ... wielding a +0 great sword
              (5 damage)
             ... on level 6 of the Dungeon.
             The game lasted 00:21:23 (5738 turns).

cheesebisquit the Geomancer (GrEE)                  Turns: 5738, Time: 00:21:24

Health: 0/41       AC: 14    Str: 12    XL:     8   Next: 95%
Magic:  8/18       EV:  9    Int: 18    God:
Gold:   356        SH:  0    Dex: 10    Spells: 16/20 levels left

rFire   + . .      SeeInvis .   z - +2 quarterstaff (vorpal)
rCold   . . .      Faith    .   (shield currently unavailable)
rNeg    + . .      Spirit   .   F - +0 scale mail
rPois   ∞          Reflect  .   y - +1 helmet
rElec   +          Harm     .   A - +0 cloak
rCorr   .          Rampage  .   (no gloves)
Will    +....                   (no boots)
Stlth   ..........              (no amulet)
HPRegen 0.13/turn               q - ring of protection from fire
MPRegen 0.16/turn               C - ring of willpower

@: very slightly contaminated
A: sickness immunity, AC +5, negative energy resistance 1, electricity
resistance, torment resistance 1, petrification resistance
a: no special abilities


You were on level 6 of the Dungeon.
You visited 2 branches of the dungeon, and saw 7 of its levels.

You collected 356 gold pieces.

Inventory:

Hand Weapons
 z - a +2 vorpal quarterstaff (weapon)
Armour
 a - a +0 ring mail
 h - a +0 buckler
 y - a +1 helmet (worn)
 A - a +0 cloak (worn)
 B - a +0 tower shield
 D - a +0 leather armour
 F - a +0 scale mail (worn)
Jewellery
 q - a ring of protection from fire (left hand)
 C - a ring of willpower (right hand)
Wands
 l - a wand of mindburst (13)
 v - a wand of roots (10)
 E - a wand of acid (7)
Scrolls
 c - a scroll of brand weapon
 d - a scroll of vulnerability {unknown}
 f - a scroll of amnesia {unknown}
 i - 2 scrolls of noise
 k - a scroll of summoning {unknown}
 m - a scroll of fear {unknown}
 r - a scroll of silence {unknown}
 t - a scroll of enchant weapon {unknown}
 w - a scroll of magic mapping {unknown}
 x - a scroll of poison {unknown}
Potions
 b - 2 potions of magic
 e - 2 potions of flight
 g - 5 potions of curing
 j - 2 potions of might
 o - 3 potions of brilliance
 p - a potion of attraction
 s - a potion of berserk rage
 u - a potion of mutation {unknown}


   Skills:
 + Level 3.4 Staves
 - Level 1.5 Dodging
 - Level 2.1 Stealth
 + Level 6.6 Spellcasting
 + Level 2.8 Conjurations
 - Level 0.7 Transmutations
 + Level 9.1 Earth Magic


You had 16 spell levels left.
You knew the following spells:

 Your Spells              Type           Power      Damage    Failure   Level
a - Sandblast             Erth           78%        2d17      1%          1
b - Stone Arrow           Conj/Erth      54%        3d10      16%         3

Your spell library contained the following spells:

 Spells                   Type           Power      Damage    Failure   Level
 Passwall                 Tmut/Erth      19%        N/A       12%         2
 Apportation              Tloc           12%        N/A       52%         1
 Necrotise                Necr           24%        1d5       52%         1
 Summon Small Mammal      Summ           24%        N/A       52%         1
 Wereblood                Tmut           8%         N/A       56%         2
 Petrify                  Tmut/Erth      23%        N/A       63%         4
 Inner Flame              Hex/Fire       6%         N/A       88%         3
 Cause Fear               Hex            3%         N/A       99%         4
 Summon Hydra             Summ           3%         N/A       100%        7
 Discord                  Hex            3%         N/A       100%        8
 Sublimation of Blood     Necr           Unusable   N/A       N/A         2

Dungeon Overview and Level Annotations

Branches:
Dungeon (6/15)             Temple (1/1) D:5

Altars:
Ashenzari
Cheibriados
Dithmenos
Elyvilon
Gozag
Hepliaklqana
Kikubaaqudgha
Makhleb
Nemelex Xobeh
Okawaru
Ru
Sif Muna
Trog
Uskayaw
Wu Jian
Yredelemnul
The Shining One


Innate Abilities, Weirdness & Mutations

You are immune to sickness and miasma.
Your stone body is resilient. (AC +5)
You are immune to poison.
You resist negative energy. (rN+)
You are resistant to electric shocks. (rElec)
You are resistant to unholy torment.
You are immune to petrification.


Message History

The blast of sand hits the wight!
The wight is severely damaged.
The wight hits you with a +7 mace. The wight barely misses you.
Aiming: Sandblast (safe; 1% risk of failure)
Press: ? - help, Q - select action, (/) - cycle Shift-Dir - straight line, f/p - wight
Aim: a wight, wielding a +7 mace and wearing a +0 robe (severely damaged, 84% to hit)
The blast of sand misses the wight.
The wight closely misses you. The wight hits you with a +7 mace.
The wight barely misses you. The wight hits you but does no damage.
Aiming: Sandblast (safe; 1% risk of failure)
Press: ? - help, Q - select action, (/) - cycle Shift-Dir - straight line, f/p - wight
Aim: a wight, wielding a +7 mace and wearing a +0 robe (severely damaged, 84% to hit)
You miscast Sandblast.
You are very lightly contaminated with residual magic.
Nothing appears to happen.
The wight hits you with a +7 mace. The wight closely misses you.
Aiming: Sandblast (safe; 1% risk of failure)
Press: ? - help, Q - select action, (/) - cycle Shift-Dir - straight line, f/p - wight
Aim: a wight, wielding a +7 mace and wearing a +0 robe (severely damaged, 84% to hit)
The blast of sand hits the wight.
The wight is almost destroyed.
The wight barely misses you.
The wight hits you with a +0 great sword!
* * * LOW HITPOINT WARNING * * *
Okay, then.
Aiming: Sandblast (safe; 1% risk of failure)
Press: ? - help, Q - select action, (/) - cycle Shift-Dir - straight line, f/p - wight
Aim: a wight, wielding a +7 mace and wearing a +0 robe (almost destroyed, 84% to hit)
The blast of sand hits the wight.
You destroy the wight!
The wight hits you with a +0 great sword.
* * * LOW HITPOINT WARNING * * *
The wight closely misses you.
Aiming: Sandblast (safe; 1% risk of failure)
Press: ? - help, Q - select action, (/) - cycle Shift-Dir - straight line, f - wight
Aim: a wight, wielding a +0 great sword and wearing a +0 robe (84% to hit)
The blast of sand hits the wight.
The wight is moderately damaged.
The wight hits you with a +0 great sword.
You die...

#..... # .#....# .. ...... #.
#...# ####### .. .... #.....##
.).. #. #.##### #......# #...
...#..#)....# #......# #..<
....†..z@...###......#
#...#############.......#.#
#.... ...........#.#.#.#
#.###..############.#.#.#.#.####
...z..zzh.......................
#.###.#z###############.#.#.####
#.......# #......#.#....#
#####.#.####### #.####...#.##.#
#.#........ #....).######.#


You could see a wight.

Vanquished Creatures
  Grinder (D:4)
  Sigmund (D:4)
  Menkaure (D:6)
  A water moccasin (D:4)
  A sky beast (D:6)
  2 scorpions
  A necrophage (D:5)
  4 wights (D:6)
  A howler monkey (D:6)
  Crazy Yiuf (D:4)
  3 orc priests (D:6)
  A gnoll bouda (D:4)
  4 hounds
  An orc wizard (D:5)
  Robin (D:4)
  3 gnolls (D:4)
  5 adders
  An ufetubus (D:5)
  A worm (D:2)
  3 dart slugs
  12 orcs
  5 ball pythons
  2 bats
  6 endoplasms
  3 giant cockroaches
  12 goblins
  18 hobgoblins
  3 jackals (D:2)
  8 quokkas
  5 frilled lizards
  8 kobolds
  2 rats
  A spectral hobgoblin (D:1)
122 creatures vanquished.

Notes
Turn   | Place    | Note
-------+----------+-------------------------------------------
     0 | D:1      | cheesebisquit the Gargoyle Earth Elementalist began the
                  | quest for the Orb.
     0 | D:1      | Reached XP level 1. HP: 10/10 MP: 3/3
   307 | D:1      | Reached skill level 4 in Earth Magic
   307 | D:1      | Reached XP level 2. HP: 15/15 MP: 1/5
   786 | D:1      | Found a faded altar of an unknown god.
   831 | D:1      | Reached XP level 3. HP: 19/19 MP: 5/7
  2038 | D:2      | Reached XP level 4. HP: 24/24 MP: 4/8
  2314 | D:3      | Found an iron altar of Okawaru.
  2365 | D:3      | Reached skill level 5 in Earth Magic
  3011 | D:4      | Noticed a scorpion
  3019 | D:3      | Killed a scorpion
  3020 | D:3      | Reached XP level 5. HP: 23/28 MP: 5/10
  3161 | D:4      | Noticed Sigmund
  3304 | D:4      | Noticed Robin
  3307 | D:4      | Killed Sigmund
  3308 | D:4      | Reached skill level 6 in Earth Magic
  3308 | D:4      | Reached XP level 6. HP: 27/32 MP: 5/12
  3365 | D:4      | Killed Robin
  3463 | D:4      | Noticed a water moccasin
  3476 | D:4      | Killed a water moccasin
  3477 | D:4      | Reached skill level 7 in Earth Magic
  3477 | D:4      | Reached XP level 7. HP: 36/36 MP: 9/14
  3486 | D:4      | Reached skill level 5 in Spellcasting
  3840 | D:4      | Found a sacrificial altar of Ru.
  4051 | D:4      | Noticed Grinder
  4056 | D:4      | Killed Grinder
  4111 | D:4      | Found a runed translucent door.
  4112 | D:4      | Noticed Crazy Yiuf
  4119 | D:4      | Killed Crazy Yiuf
  4157 | D:5      | Entered Level 5 of the Dungeon
  4188 | D:5      | Reached skill level 8 in Earth Magic
  4445 | D:5      | Reached skill level 1 in Staves
  4445 | D:5      | Reached XP level 8. HP: 39/41 MP: 10/16
  4557 | D:5      | Found a staircase to the Ecumenical Temple.
  4564 | Temple   | Entered the Ecumenical Temple
  5223 | D:6      | Learned a level 3 spell: Stone Arrow
  5304 | D:6      | Reached skill level 1 in Conjurations
  5471 | D:6      | Noticed Menkaure
  5474 | D:6      | Killed Menkaure
  5696 | D:6      | Reached skill level 9 in Earth Magic
  5738 | D:6      | Slain by a wight

Illustrated notes

Levels and vault maps discovered:
D:1:      beargit_arrival_diablo_church, layout_basic,
          dreamdust_ecumenical_altar_drowned_temple
D:2:      layout_basic, kennysheep_pointless_box
D:3:      layout_loops_ring, mainiacjoe_overflow_boulevard
D:4:      layout_basic, nicolae_ru_the_path_less_chosen, uniq_robin,
          uniq_crazy_yiuf_cottage, uniq_grinder, uniq_sigmund
D:5:      layout_loops_ring, minmay_temple_entry_arrows,
          kennysheep_generic_room_3
D:6:      layout_basic, nicolae_elevator_lobby_asterisk, uniq_menkaure
Temple:   regret_index_temple_waves

Skill      XL: |  1  2  3  4  5  6  7  8 |
---------------+-------------------------+-----
Earth Magic    | 4 5 6 7 8 9 |  9.1
Spellcasting   | 3 4 5 6 |  6.6
Staves         | 1 3 |  3.4
Conjurations   | 2 |  2.8
Dodging        | |  1.5
Stealth        | |  2.1
Transmutations | |  0.7

Action                   |  1- 3 |  4- 6 |  7- 9 || total
-------------------------+-------+-------+-------++-------
Melee: Unarmed           |    16 |       |       ||    16
       Whip              |       |     5 |       ||     5
       Quarterstaff      |       |       |    17 ||    17
 Cast: Sandblast         |    58 |    60 |    91 ||   209
Evoke: Wand              |       |       |     1 ||     1
  Use: Scroll            |       |     7 |     5 ||    12
       Potion            |       |     2 |     1 ||     3
Armor: Robe              |     6 |    29 |    15 ||    50
       Ring mail         |       |       |    12 ||    12
       Scale mail        |       |       |    11 ||    11
Dodge: Dodged            |    29 |    48 |    28 ||   105
Block: Buckler           |     1 |    11 |       ||    12
